 Dungeon Crawl Stone Soup version 0.19-a0-1035-gdbfb0c6 (webtiles) character file.

40077 Liquid the Martial Artist (level 13, -14/166 HPs)
             Began as a Demonspawn Chaos Knight on July 26, 2016.
             Demolished by a spriggan rider
             ... wielding a +0 quarterstaff
              (15 damage)
             ... on level 6 of the Lair of Beasts on July 29, 2016.
             The game lasted 00:54:54 (17448 turns).

Liquid the Martial Artist (DsCK)                   Turns: 17448, Time: 00:54:55

Health: -14/166    AC: 19    Str: 22    XL:     13   Next: 72%
Magic:  22/22      EV: 22    Int: 16    God:    Xom [.*....]
Gold:   1024       SH:  0    Dex: 18    Spells: 2 memorised, 16 levels left

rFire  + . .     SeeInvis .       - Unarmed
rCold  . . .     Gourm    .     a - +2 leather armour
rNeg   + . .     Faith    .     (no shield)
rPois  .         Spirit   .     d - +2 helmet
rElec  .         Dismiss  .     E - +2 cloak
rCorr  .         Reflect  .     I - +0 pair of gloves of Limited Liability {rN+ MR+ Int+3 Stlth+}
SustAt .         Harm     .     u - +2 pair of boots
MR     ++...     Rnd*Rage +     (no amulet)
Stlth  .......... Rnd*Tele +    i - +4 ring of strength
                                M - +5 ring of evasion

@: berserking, cleaving, very quick, very resistant to hostile enchantments,
extremely unstealthy
A: hooves 2, molten scales 3, berserk 2, deformed body, demonic guardian 1,
magic resistance 1, nightstalker 2, regeneration 1, robust 1, shaggy fur 1,
teleportitis 1, subdued magic 1
a: Renounce Religion


You were on level 6 of the Lair of Beasts.
You worshipped Xom.
You were a plaything of Xom.
You were not hungry.

You visited 2 branches of the dungeon, and saw 17 of its levels.
You visited the Abyss 1 time.

You collected 1024 gold pieces.

Inventory:

Armour
 a - a +2 leather armour (worn)
 d - a +2 helmet (worn)
 m - a +1 robe of magic resistance
 n - a cursed +0 buckler
 u - a +2 pair of boots (worn)
 C - a steam dragon hide
 E - a +2 cloak (worn)
 I - the +0 pair of gloves of Limited Liability (worn) {rN+ MR+ Int+3 Stlth+}
   (You found it on level 1 of the Lair of Beasts)

   It affects your intelligence (+3).
   It protects you from negative energy.
   It affects your resistance to hostile enchantments.
   It makes you more stealthy.
Jewellery
 i - a +4 ring of strength (right hand)
 l - an uncursed ring of sustain attributes
 w - an uncursed ring of see invisible
 A - an uncursed ring of protection from magic
 J - an uncursed ring of wizardry
 M - a +5 ring of evasion (left hand)
Wands
 j - a wand of disintegration (9/24)
 p - a wand of flame (22/48)
 v - a wand of paralysis (8/24)
 x - a wand of confusion (26/48)
 y - a wand of lightning (2/15)
 K - a wand of iceblast (5/15)
Scrolls
 c - a scroll of magic mapping
 e - 6 scrolls of remove curse
 o - 2 scrolls of fear
 q - 3 scrolls of recharging
 s - 2 scrolls of fog
 t - a scroll of teleportation
 F - 3 scrolls of amnesia
 L - a scroll of enchant armour
 N - a scroll of identify
Potions
 f - 3 potions of brilliance
 h - 2 potions of cancellation
 k - a potion of ambrosia
 r - a potion of invisibility
 H - a potion of haste
Miscellaneous
 D - a sack of spiders
Comestibles
 b - 15 bread rations
 g - 9 meat rations
 B - 10 royal jellies
 G - 8 chunks of flesh


   Skills:
 - Level 9.2 Fighting
 - Level 3.0 Armour
 - Level 8.0 Dodging
 - Level 7.1 Stealth
 * Level 13.9 Unarmed Combat
 + Level 6.1 Spellcasting
 + Level 6.5 Transmutations
 + Level 6.1 Earth Magic


You had 16 spell levels left.
You knew the following spells:

 Your Spells              Type           Power        Failure   Level  Hunger
a - Statue Form           Tmut/Erth      ###......    99%         6    #######
b - Passwall              Tmut/Erth      ###.......   1%          2    #......


Dungeon Overview and Level Annotations

Branches:
Dungeon (11/15)            Temple (0/1) D:7            Lair (6/6) D:11
  Swamp (0/4) Lair:4        Snake (0/4) Lair:2        Slime (0/5) Lair:6
    Orc (0/2) D:11

Altars:
Fedhas
Xom

Annotations:
D:3 Grinder
Lair:1 exclusion: oklob plant
Lair:6 poirepourri's ghost, journeyman MiFi


Innate Abilities, Weirdness & Mutations

You have hoof-like feet.
You are completely covered in molten scales. (AC +4, EV -1, rF+)
A weak demonic guardian rushes to your aid.
You are significantly more attuned to the shadows.
You often lose your temper in combat.
Armour fits poorly on your strangely shaped body.
You are resistant to hostile enchantments. (MR+)
Your natural rate of healing is unusually fast.
You are robust. (+10% HP)
You are covered in fur. (AC +1)
You are occasionally teleported next to monsters.
Your spells are a little easier to cast, but a little less powerful.


Message History

Unknown command.
You pummel the polar bear!!
You kill the polar bear!
The spriggan rider completely misses you.
The spriggan rider hits you with a quarterstaff!
* * * LOW HITPOINT WARNING * * *
Unknown command.
You pummel the spriggan rider!!
The spriggan rider is heavily wounded.
Unknown command.
You punch the spriggan rider!
The spriggan rider is severely wounded.
The spriggan rider barely misses you.
The spriggan rider hits you from afar with a spear!
* * * LOW HITPOINT WARNING * * *
You barely miss the spriggan rider.
The spriggan rider is heavily wounded.
The spriggan rider hits you with a quarterstaff!
You die...
Xom chuckles heartily!

*, ,,, * *
* *
∆,,,,,,,* *
, ,,,,, ,,
* ** ,
,,∆,, **, *
, , ,
,,,**,,, ,
**, ,,, **
, ,, * ,,*
,** ,,* , *
,,,, , ,*
** , , *
*#### * ,,
* , * * , ,
###@.# # ,
, *
##.i#S#P#
s...h..i.#
.#........#
...%.....##
.........#
.........
..........


You could see 2 spriggan riders, a water moccasin, a redback (wandering) and a
wolf.

Vanquished Creatures
  Gastronok (Lair:1)
  A yaktaur captain (D:9)
  A hydra (Lair:6)
  A rakshasa (Abyss:2)
  2 centaur warriors
  Sonja (Lair:4)
  Nergalle (D:11)
  A swamp dragon (Lair:2)
  2 hill giants
  4 deep elf magi (D:10)
  A griffon (Lair:4)
  An octopode (D:8)
  4 elephants (Lair:4)
  A black mamba (Lair:4)
  5 spiny frogs
  A large abomination (Abyss:2)
  An orange demon (Abyss:2)
  5 komodo dragons
  A merfolk (Lair:4)
  2 polar bears
  A slime creature (Lair:6)
  15 blink frogs
  6 flying skulls (Abyss:2)
  Sigmund (D:5)
  2 wyverns
  7 spriggans
  30 yaks
  A hog (D:4)
  6 hippogriffs
  A steam dragon (D:9)
  4 basilisks
  3 hungry ghosts
  A mottled dragon (Lair:4)
  6 swamp worms (Lair:4)
  3 nagas (Lair:2)
  12 water moccasins
  3 black bears
  10 porcupines
  2 sky beasts (D:7)
  3 ice beasts
  2 ogres
  5 orc warriors
  The ghost of matakusis the Ducker, an amateur DsGl (D:3)
  4 centaurs
  6 wolves
  3 necrophages
  13 crocodiles
  A big kobold (D:10)
  15 giant frogs
  A scorpion (D:9)
  4 killer bees
  2 electric eels
  A centaur zombie (D:6)
  5 crimson imps
  2 quasits
  11 jellies
  5 hounds
  A centaur skeleton (D:10)
  2 giant frog zombies
  6 orc priests
  12 orc wizards
  A giant frog skeleton (D:10)
  11 iguanas
  Jessica (D:3)
  9 worker ants
  5 sheep (Lair:1)
  A killer bee zombie (D:9)
  4 hound skeletons
  Robin (D:3)
  4 gnolls (D:8)
  2 worker ant zombies (D:8)
  6 adders
  22 river rats
  A shadow imp (D:9)
  8 oozes
  An adder skeleton (D:9)
  5 worms
  2 dart slugs (D:1)
  4 giant geckos
  34 orcs
  3 giant cockroaches
  12 goblins
  9 hobgoblins
  6 jackals
  16 kobolds
  2 quokkas
  A ball python (D:3)
  6 bats
  A giant gecko skeleton (D:9)
  2 giant newts
  2 quokka zombies
  6 rats
  A plant (Lair:2)
445 creatures vanquished.

Vanquished Creatures (collateral kills)
  Erolcha (D:9)
  A hydra (Lair:6)
  A griffon (Lair:2)
  A spiny frog (Lair:3)
  A komodo dragon (Lair:6)
  A troll (D:11)
  2 blink frogs (Lair:4)
  A spriggan (D:7)
  A wyvern (D:11)
  A yak (Lair:5)
  A water moccasin (D:5)
  The ghost of crawlian the Firebug, an amateur DEFE (D:5)
  An ice beast (D:6)
  A wolf (Lair:6)
  A jelly (D:6)
  A scorpion (D:4)
  An orc wizard (D:5)
  An iguana (D:5)
  An adder (D:7)
  A white imp (Abyss:2)
  5 orcs
  A quokka (D:5)
  A ball python skeleton (D:4)
28 creatures vanquished.

Vanquished Creatures (others)
  Prince Ribbit (D:6)
  An orc wizard (D:8)
  A hound zombie (D:6)
  6 fungi
  10 plants
  2 starspawn tentacles (Abyss:2)
  9 starspawn tentacle segments (Abyss:2)
30 creatures vanquished.

Grand Total: 503 creatures vanquished

Notes
Turn   | Place    | Note
-------+----------+-------------------------------------------
     0 | D:1      | Liquid the Demonspawn Chaos Knight began the quest for the Orb.
     0 | D:1      | Reached XP level 1. HP: 18/18 MP: 1/1
    76 | D:1      | XOM: harmless Chrm miscast
   107 | D:1      | Reached skill level 1 in Dodging
   140 | D:1      | XOM: harmless Air miscast
   148 | D:1      | Gained mutation: You have large cloven feet. [demonic ancestry]
   148 | D:1      | Reached XP level 2. HP: 24/24 MP: 2/2
   157 | D:1      | Reached skill level 3 in Unarmed Combat
   389 | D:1      | XOM: divination: magic mapping
   961 | D:2      | XOM: silly message
  1009 | D:2      | Gained mutation: You have hoof-like feet. [demonic ancestry]
  1009 | D:2      | Reached XP level 3. HP: 22/29 MP: 3/3
  1263 | D:2      | XOM: silly message
  1896 | D:3      | Noticed Robin
  1907 | D:2      | XOM: divination: detect creatures
  1911 | D:2      | Reached XP level 4. HP: 24/35 MP: 4/4
  1992 | D:3      | Noticed Grinder
  1999 | D:3      | Noticed matakusis's ghost (amateur DsGl)
  2000 | D:3      | HP: 1/35 [orc priest/divine providence (13)]
  2123 | D:2      | XOM: harmless Chrm miscast
  2129 | D:2      | XOM: cloud trail
  2295 | D:3      | Killed Robin
  2483 | D:3      | XOM: divination: detect items
  2597 | D:3      | XOM: potion effect (heal wounds)
  2607 | D:3      | XOM: mild Air miscast
  2617 | D:3      | Killed matakusis's ghost
  2617 | D:3      | Reached skill level 4 in Unarmed Combat
  2617 | D:3      | Gained mutation: A weak demonic guardian rushes to your aid. [demonic ancestry]
  2617 | D:3      | Reached XP level 5. HP: 32/42 MP: 5/5
  2689 | D:3      | XOM: smoke on damage
  2771 | D:3      | Noticed Jessica
  2803 | D:3      | Killed Jessica
  2972 | D:3      | XOM: silly message
  3250 | D:4      | Reached XP level 6. HP: 48/48 MP: 6/6
  3289 | D:4      | XOM: harmless Summ miscast
  3340 | D:4      | Upgraded the game from 0.19-a0-1019-g9c6a58d to 0.19-a0-1025-g778f431
  3426 | D:4      | XOM: harmless Necr miscast
  3648 | D:4      | Noticed a slave
  3651 | D:4      | Noticed Pikel
  3651 | D:4      | XOM: divination: magic mapping
  3652 | D:4      | Noticed a slave
  3653 | D:4      | Noticed a slave
  3659 | D:4      | XOM: blink monster(s)
  3662 | D:4      | XOM: potion effect (haste)
  3668 | D:4      | Noticed a slave
  3668 | D:4      | XOM: cleaving
  3679 | D:4      | XOM: confusion
  3687 | D:4      | XOM: cast spell 'Statue Form'
  3691 | D:4      | Noticed Pikel
  3691 | D:4      | Pikel changed into Pikel the hog
  3691 | D:4      | XOM: polymorph Pikel -> Pikel the hog
  3694 | D:4      | Killed Pikel the hog
  3694 | D:4      | Reached skill level 5 in Unarmed Combat
  3759 | D:4      | XOM: noise
  3967 | D:4      | XOM: medium Conj miscast
  4003 | D:4      | Reached XP level 7. HP: 44/55 MP: 7/7
  4214 | D:5      | Entered Level 5 of the Dungeon
  4357 | D:5      | XOM: noise
  4403 | D:5      | Reached skill level 5 in Fighting
  4489 | D:5      | Reached skill level 6 in Unarmed Combat
  4535 | D:5      | Noticed crawlian's ghost (amateur DEFE)
  4543 | D:5      | XOM: noise
  4545 | D:5      | Killed crawlian's ghost
  4561 | D:5      | Noticed Sigmund
  4584 | D:5      | Killed Sigmund
  4584 | D:5      | Gained mutation: You are slightly more attuned to the shadows. [demonic ancestry]
  4584 | D:5      | Reached XP level 8. HP: 61/62 MP: 8/8
  4754 | D:6      | Killed Prince Ribbit
  4953 | D:6      | XOM: divination: magic mapping
  4958 | D:6      | XOM: silly message
  4980 | D:6      | Reached skill level 1 in Stealth
  5009 | D:6      | Reached skill level 7 in Unarmed Combat
  5104 | D:6      | XOM: potion effect (might)
  5279 | D:6      | XOM: divination: detect items
  5309 | D:6      | XOM: mild Fire miscast
  5440 | D:6      | XOM: enchant monster (good)
  5680 | D:7      | XOM: potion effect (might)
  5726 | D:7      | XOM: potion effect (heal wounds)
  5731 | D:7      | Reached XP level 9. HP: 64/70 MP: 9/9
  5766 | D:7      | Reached skill level 5 in Dodging
  5766 | D:7      | Reached skill level 8 in Unarmed Combat
  5948 | D:7      | XOM: butterfly on damage
  5972 | D:7      | XOM: divination: detect items
  5994 | D:7      | XOM: 2-stop teleportation journey
  6034 | D:7      | You fall through a shaft for 2 floors!
  6051 | D:9      | Noticed Erolcha
  6093 | D:9      | Gained mutation: Your spells are a little easier to cast, but a little less powerful. [potion of mutation]
  6093 | D:9      | Gained mutation: Your spells are easier to cast, but less powerful. [potion of mutation]
  6094 | D:9      | Gained mutation: You are occasionally teleported next to monsters. [potion of mutation]
  6094 | D:9      | Lost mutation: Your spells are easier to cast, but less powerful. [potion of mutation]
  6143 | D:9      | XOM: 2-stop teleportation journey
  6162 | D:9      | Noticed a yaktaur captain
  6162 | D:9      | Noticed a centaur warrior
  6228 | D:9      | Upgraded the game from 0.19-a0-1025-g778f431 to 0.19-a0-1035-gdbfb0c6
  6228 | D:9      | XOM: give mutation
  6228 | D:9      | Gained mutation: You are partially covered in molten scales. (AC +1) [Xom's grace]
  6272 | D:9      | XOM: scenery: 1 doors open
  6319 | D:9      | XOM: enchant monster (good)
  6410 | D:9      | XOM: noise
  6453 | D:9      | XOM: scenery: create altars
  6455 | D:9      | XOM: summons 5 friendly demons
  6458 | D:9      | Reached skill level 9 in Unarmed Combat
  6501 | D:9      | You fall through a shaft for 2 floors!
  6570 | D:11     | Found a staircase to the Orcish Mines.
  6590 | D:11     | Noticed a centaur warrior
  6610 | D:11     | Killed a centaur warrior
  6610 | D:11     | Reached skill level 5 in Stealth
  6610 | D:11     | Gained mutation: You are mostly covered in molten scales. (AC +3, EV -1) [demonic ancestry]
  6610 | D:11     | Reached XP level 10. HP: 11/79 MP: 10/10
  6733 | D:11     | XOM: draining
  6821 | D:11     | Noticed Nergalle
  6864 | D:11     | XOM: 4-stop teleportation journey
  6912 | D:10     | Entered Level 10 of the Dungeon
  6933 | D:9      | XOM: enchant monster (bad)
  6937 | D:9      | XOM: chaos upgrade
  6943 | D:9      | Paralysed by Erolcha for 4 turns
  6951 | D:9      | XOM: enchant monster (bad)
  6952 | D:9      | XOM: summons 10 friendly demons
  6956 | D:9      | Killed Erolcha
  7074 | D:9      | XOM: mild Fire miscast
  7350 | D:7      | Found a shimmering altar of Xom.
  7350 | D:7      | XOM: 2-stop teleportation journey
  7351 | D:7      | Found a shimmering altar of Xom.
  7357 | D:7      | Found a staircase to the Ecumenical Temple.
  7390 | D:7      | XOM: harmless Divn miscast
  7530 | D:7      | Reached skill level 10 in Unarmed Combat
  8029 | D:8      | Noticed an octopode
  8029 | D:8      | a hippogriff changed into an octopode
  8029 | D:8      | XOM: polymorph hippogriff -> octopode
  8036 | D:8      | Killed an octopode
  8293 | D:7      | XOM: mild Necr miscast
  8553 | D:8      | XOM: give mutations
  8553 | D:8      | Gained mutation: You are robust. (+10% HP) [Xom's grace]
  8553 | D:8      | Gained mutation: Your mind is acute. (Int +2) [Xom's grace]
  8553 | D:8      | Gained mutation: Your muscles are strong. (Str +2) [Xom's grace]
  9176 | D:9      | XOM: enchant monster (good)
  9184 | D:9      | XOM: divination: magic mapping
  9185 | D:9      | XOM: summons friendly crimson imp
  9191 | D:9      | Gained mutation: You are significantly more attuned to the shadows. [demonic ancestry]
  9191 | D:9      | Reached XP level 11. HP: 66/95 MP: 11/11
  9241 | D:9      | XOM: harmless Tloc miscast
  9272 | D:9      | Killed a centaur warrior
  9342 | D:9      | XOM: cloud trail
  9593 | D:9      | Killed a yaktaur captain
  9716 | D:10     | XOM: swap monsters
  9729 | D:10     | XOM: enchant monster (good)
  9740 | D:10     | Reached skill level 11 in Unarmed Combat
  9927 | D:10     | Noticed a deep elf mage
  9928 | D:10     | Noticed a deep elf mage
  9938 | D:10     | Killed a deep elf mage
  9943 | D:10     | Noticed a hill giant
  9946 | D:10     | Killed a deep elf mage
  9961 | D:10     | Killed a hill giant
  9974 | D:10     | Identified Foocuppy's Handbook of Dhcmrlchtdj
 10023 | D:10     | XOM: scenery: create altars
 10186 | D:10     | Noticed a deep elf mage
 10190 | D:10     | XOM: harmless Tloc miscast
 10193 | D:10     | Killed a deep elf mage
 10201 | D:10     | Identified Ts'ui Pên's Catalogue of Forking Paths
 10203 | D:10     | Noticed a deep elf mage
 10220 | D:10     | Killed a deep elf mage
 10228 | D:10     | Identified the Compendium of Plaster Cramp
 10236 | D:10     | Learned a level 6 spell: Statue Form
 10336 | D:10     | Learned a level 2 spell: Passwall
 10406 | D:11     | Noticed a hill giant
 10414 | D:11     | Killed a hill giant
 10573 | D:11     | Reached skill level 1 in Transmutations
 10629 | D:11     | Found a staircase to the Lair.
 10666 | D:11     | Killed Nergalle
 10666 | D:11     | Reached skill level 1 in Spellcasting
 10666 | D:11     | Reached skill level 1 in Earth Magic
 10768 | D:11     | XOM: harmless Summ miscast
 10822 | D:11     | XOM: divination: detect creatures
 10859 | Lair:1   | Entered Level 1 of the Lair of Beasts
 10915 | Lair:1   | XOM: mild Ice miscast
 11000 | Lair:1   | XOM: mild Conj miscast
 11004 | Lair:1   | XOM: harmless Tmut miscast
 11018 | Lair:1   | XOM: potion effect (agility)
 11019 | Lair:1   | XOM: divination: magic mapping
 11112 | Lair:1   | Noticed Gastronok
 11113 | Lair:1   | XOM: give mutations
 11113 | Lair:1   | Lost mutation: Your muscles are strong. (Str +2) [Xom's mischief]
 11113 | Lair:1   | Gained mutation: You tend to lose your temper in combat. [Xom's mischief]
 11166 | Lair:1   | Gained mutation: You often lose your temper in combat. [potion of mutation]
 11166 | Lair:1   | Gained mutation: Your natural rate of healing is unusually fast. [potion of mutation]
 11167 | Lair:1   | Lost mutation: Your mind is acute. (Int +2) [potion of mutation]
 11167 | Lair:1   | Gained mutation: You are agile. (Dex +2) [potion of mutation]
 11241 | Lair:1   | Got a pair of heavily runed gloves
 11252 | Lair:1   | Identified the +0 pair of gloves of Limited Liability {rN+ MR+ Int+3 Stlth+} (You found it on level 1 of the Lair of Beasts)
 11314 | Lair:1   | Reached XP level 12. HP: 104/104 MP: 14/14
 11350 | Lair:1   | XOM: scenery: create altars
 11352 | Lair:1   | XOM: enchant monster (good)
 11369 | Lair:1   | XOM: mild Hex miscast
 11375 | Lair:1   | XOM: harmless Tloc miscast
 11455 | Lair:1   | XOM: harmless Tmut miscast
 11627 | Lair:1   | Reached skill level 12 in Unarmed Combat
 11829 | Lair:1   | XOM: potion effect (might)
 11841 | Lair:1   | Killed Gastronok
 11876 | Lair:1   | Found a blossoming altar of Fedhas.
 12216 | Lair:2   | XOM: scenery: 2 doors open
 12228 | Lair:2   | XOM: scenery: 1 doors close
 12299 | Lair:2   | Found a staircase to the Snake Pit.
 12481 | Lair:2   | XOM: confusion
 12955 | Lair:2   | XOM: give mutations
 12955 | Lair:2   | Gained mutation: You are covered in fur. (AC +1) [Xom's grace]
 12955 | Lair:2   | Gained mutation: You are resistant to hostile enchantments. (MR+) [Xom's grace]
 12979 | Lair:2   | XOM: scenery: create altars
 13305 | Lair:3   | Noticed a death yak
 13305 | Lair:3   | Noticed a death yak
 13307 | Lair:3   | Noticed a death yak
 13307 | Lair:3   | XOM: fake destruction
 13308 | Lair:3   | Noticed a death yak
 13308 | Lair:3   | Noticed a death yak
 13308 | Lair:3   | XOM: polymorph iron imp -> crimson imp
 13310 | Lair:3   | Noticed a death yak
 13312 | Lair:3   | XOM: summons 6 hostile demons
 13370 | Lair:3   | XOM: 5-stop teleportation journey
 13493 | Lair:3   | XOM: noise
 13540 | Lair:3   | XOM: give mutations
 13540 | Lair:3   | Lost mutation: You are agile. (Dex +2) [Xom's mischief]
 13540 | Lair:3   | Gained mutation: Armour fits poorly on your strangely shaped body. [Xom's mischief]
 13807 | Lair:3   | XOM: summons 6 hostile demons
 13830 | Lair:4   | Noticed Sonja
 13846 | Lair:4   | XOM: polymorph giant frog -> mottled dragon
 13948 | Lair:4   | XOM: medium Hex miscast
 14075 | Lair:4   | Found a staircase to the Swamp.
 14258 | Lair:4   | XOM: 6-stop teleportation journey
 14284 | Lair:4   | XOM: mild Tloc miscast
 14312 | Lair:4   | HP: 4/104 [blink frog (8)]
 14578 | Lair:4   | XOM: noise
 14590 | Lair:4   | Reached skill level 13 in Unarmed Combat
 14872 | Lair:4   | Reached skill level 5 in Transmutations
 14944 | Lair:4   | Cast into level 2 of the Abyss (Sonja)
 14988 | Abyss:2  | Gained mutation: You are completely covered in molten scales. (AC +4, EV -1, rF+) [demonic ancestry]
 14988 | Abyss:2  | Reached XP level 13. HP: 63/111 MP: 19/19
 14992 | Abyss:2  | XOM: harmless Air miscast
 15002 | Abyss:2  | XOM: fake destruction
 15283 | Abyss:2  | XOM: harmless Chrm miscast
 15291 | Abyss:2  | XOM: harmless Divn miscast
 15292 | Abyss:2  | XOM: harmless Summ miscast
 15318 | Abyss:2  | XOM: cast spell 'Shadow Creatures'
 15351 | Lair:4   | Escaped the Abyss
 15367 | Lair:4   | Killed Sonja
 15371 | Lair:4   | XOM: mild Chrm miscast
 15452 | Lair:4   | XOM: scenery: create altars
 15454 | Lair:4   | Reached skill level 5 in Earth Magic
 15639 | Lair:4   | XOM: god gift: long iron wand {god gift}
 15653 | Lair:4   | XOM: fake destruction
 15656 | Lair:4   | Reached skill level 5 in Spellcasting
 15661 | Lair:4   | XOM: confuse monster(s)
 15673 | Lair:4   | XOM: polymorph elephant -> merfolk
 15740 | Lair:4   | XOM: harmless Tmut miscast
 15941 | Lair:5   | XOM: silly message
 16038 | Lair:5   | XOM: potion effect (curing)
 16116 | Lair:5   | XOM: potion effect (invisibility)
 16457 | Lair:5   | XOM: cast spell 'Cause Fear'
 16782 | Lair:5   | XOM: divination: magic mapping
 16977 | Lair:6   | Entered Level 6 of the Lair of Beasts
 17043 | Lair:6   | XOM: harmless Ice miscast
 17105 | Lair:6   | Found a staircase to the Slime Pits.
 17111 | Lair:6   | XOM: mild Ice miscast
 17179 | Lair:6   | XOM: enchant monster (bad)
 17218 | Lair:6   | XOM: summons friendly white imp
 17228 | Lair:6   | XOM: fake destruction
 17279 | Lair:6   | Noticed poirepourri's ghost (journeyman MiFi)
 17289 | Lair:6   | XOM: divination: detect items
 17291 | Lair:6   | XOM: divination: magic mapping
 17424 | Lair:6   | XOM: polymorph ufetubus -> white imp
 17425 | Lair:6   | XOM: cleaving
 17447 | Lair:6   | HP: 1/166 [spriggan rider/spear (12)]
 17448 | Lair:6   | Demolished by a spriggan rider

Vault maps used:
D:1:      saegor_arrival_simple_e, hangedman_decor_diamond_cutter
D:3:      uniq_jessica, uniq_grinder, uniq_robin
D:4:      first_bread, kennysheep_windowed_goal, uniq_pikel
D:5:      uniq_sigmund
D:6:      lemuel_flamethrower_2, uniq_prince_ribbit1
D:7:      kb_forest_paths, xom_redecorated
D:9:      hangedman_little_slice_of_home, wad_scary_box, uniq_erolcha
D:10:     bh_hangedman_babel_library
D:11:     dpeg_oklobed_lair, orc_0_dummy, kennysheep_generic_room_14,
          uniq_nergalle
Lair:1:   enter_volcano_2, tgw_fedhas, serial_bayou_shore_b, grunt_megastairs_5,
          uniq_gastronok
Lair:2:   guppyfry_snake_entry_garden, nicolae_quartered_pool_super,
          minivault_11, hibernation_bobbens, serial_bayou_shore_b,
          bh_autumn_forest_stairs
Lair:4:   nicolae_swamp_entry_splash_gauntlet, uniq_sonja
Lair:5:   grunt_megastairs_2
Lair:6:   minmay_lair_end_enchanted_forest, minmay_slime_entry_pillars,
          lemuel_fruit_tree
Abyss:2:  evilmike_abyss_exit_glass

Skill      XL: |  1  2  3  4  5  6  7  8  9 10 11 12 13 |
---------------+----------------------------------------+-----
Dodging        | 1 2 3 4 6 7 8 |  8.0
Unarmed Combat | 3 4 5 6 7 9 10 11 13 | 13.9
Armour         | 2 3 |  3.0
Fighting       | 4 5 6 7 8 9 |  9.2
Stealth        | 2 5 6 7 |  7.1
Transmutations | 2 5 6 |  6.5
Spellcasting   | 1 4 6 |  6.1
Earth Magic    | 1 4 6 |  6.1

Action                   |  1- 3 |  4- 6 |  7- 9 | 10-12 | 13-15 || total
-------------------------+-------+-------+-------+-------+-------++-------
Melee: Unarmed           |   146 |   195 |   460 |  1172 |   444 ||  2417
       Kick              |    30 |    38 |       |       |       ||    68
       Punch             |     2 |     1 |    22 |    85 |    32 ||   142
Evoke: Wand              |       |       |       |     2 |       ||     2
  Use: Potion            |       |     4 |     3 |     9 |     2 ||    18
       Scroll            |       |     3 |    14 |     6 |     1 ||    24
 Stab: Invisible         |       |       |     3 |       |     2 ||     5
       Distracted        |       |       |     7 |     5 |     5 ||    17
       Sleeping          |       |       |    15 |    47 |     9 ||    71
       Paralysed         |       |       |       |     6 |       ||     6
       Confused          |       |       |       |     2 |     2 ||     4
  Eat: Chunk             |     3 |     8 |    12 |    26 |     9 ||    58
       Fruit             |       |       |       |     3 |     6 ||     9
       Pizza             |       |       |       |     3 |       ||     3
       Beef jerky        |       |       |       |     4 |     1 ||     5
Armor: Leather armour    |    64 |    81 |   161 |   428 |   142 ||   876
       Skin              |       |    11 |       |       |       ||    11
Dodge: Dodged            |    84 |   126 |   277 |   818 |   295 ||  1600
